 Dungeon Crawl Stone Soup version 0.19.0-24-gb05acd6 (webtiles) character file.

102 Kemay the Changer (level 4, -8/28 HPs)
             Began as an Octopode Transmuter on Nov 22, 2016.
             Mangled by Crazy Yiuf
             ... wielding a +2 quarterstaff of chaos
              (16 damage)
             ... on level 3 of the Dungeon.
             The game lasted 00:06:21 (3630 turns).

Kemay the Changer (Octopode Transmuter)             Turns: 3630, Time: 00:06:23

Health: -8/28      AC:  2    Str:  9    XL:     4   Next: 77%
Magic:  2/7        EV: 21    Int: 15    God:
Gold:   207        SH:  0    Dex: 18    Spells: 2 memorised, 3 levels left

rFire  . . .     SeeInvis .       - Unarmed
rCold  . . .     Gourm    +     (shield currently unavailable)
rNeg   . . .     Faith    .     (helmet currently unavailable)
rPois  x         Spirit   .     l - amulet of the gourmand
rElec  .         Reflect  .     i - +1 ring of evasion
rCorr  .         Harm     .     (no ring)
MR     .....                    (no ring)
Stlth  ++........               (no ring)
                                (no ring)
                                (no ring)
                                (no ring)
                                (no ring)

@: spider-form (expiring)
A: almost no armour, stealthy swim, (amphibious), 8 rings, (constrict 8),
(camouflage 0), (gelatinous body 0)
a: End Transformation


You were on level 3 of the Dungeon.
You were completely stuffed.
You were a venomous arachnid creature.
You visited 1 branch of the dungeon, and saw 3 of its levels.

You collected 207 gold pieces.

Inventory:

Missiles
 a - 100 arrows
Jewellery
 i - a +1 ring of evasion (left front leg)
 l - an amulet of the gourmand (around neck)
Scrolls
 e - 3 scrolls of remove curse
 h - a scroll of fear
Potions
 d - a potion of heal wounds
 f - a potion of curing
 j - 2 potions of invisibility {unknown}
 k - a potion of flight {unknown}
 m - a potion of magic {unknown}
Books
 b - a book of Changes

   Spells                             Type                      Level
   a - Beastly Appendage              Transmutation                1
   b - Sticks to Snakes               Transmutation                2
   c - Spider Form                    Transmutation/Poison         3
   d - Ice Form                       Ice/Transmutation            4
   e - Blade Hands                    Transmutation                5
Comestibles
 c - a bread ration
 g - 3 beef jerkies
 n - 5 fruits
 o - a chunk of flesh


   Skills:
 - Level 1.0 Fighting
 - Level 2.0 Dodging
 - Level 3.0 Unarmed Combat
 - Level 2.0 Spellcasting
 * Level 4.4 Transmutations
 + Level 1.6 Poison Magic


You had 3 spell levels left.
You knew the following spells:

 Your Spells              Type           Power        Failure   Level  Hunger
a - Beastly Appendage     Tmut           ##....       14%         1    #......
b - Spider Form           Tmut/Pois      ##........   41%         3    ###....


Dungeon Overview and Level Annotations

Branches:
Dungeon (3/15)

Altars:
Kikubaaqudgha
The Shining One

Annotations:
D:3 Crazy Yiuf


Innate Abilities, Weirdness & Mutations

You cannot wear most types of armour.
You are very stealthy in the water. (Stealth+)
((You are amphibious.))
You can wear up to eight rings at the same time.
((You can use your tentacles to constrict eight enemies at once.))
((Your skin changes colour to match your surroundings (Stealth+).))
((Your rubbery body absorbs attacks. (AC +1, EV +1)))


Message History

Terence is almost dead.
You kill Terence!
You hit Crazy Yiuf but do no damage.
Crazy Yiuf is poisoned.
Crazy Yiuf hits you with a quarterstaff of chaos.
You feel your power leaking away.
You hit Crazy Yiuf but do no damage.
Crazy Yiuf looks as sick as possible!
Crazy Yiuf closely misses you.
You hit Crazy Yiuf.
Crazy Yiuf looks as sick as possible!
Crazy Yiuf is lightly wounded.
Your transformation is almost over.
You hit Crazy Yiuf but do no damage.
Crazy Yiuf looks as sick as possible!
Crazy Yiuf is moderately wounded.
Crazy Yiuf hits you with a quarterstaff of chaos.
You hit Crazy Yiuf.
Crazy Yiuf looks as sick as possible!
Crazy Yiuf is heavily wounded.
Crazy Yiuf hits you with a quarterstaff of chaos!
* * * LOW HITPOINT WARNING * * *
You are electrocuted!
Ouch! That really hurt!
You die...

....# #.#.# ##.# ##### #####
#..# #### ##### #..)# ######
#...# #....# ... #.##.# #g#
#.##.# ##s# #.##.# #.##
#######.#..# ##.# #######
#.........## #!## #.....#
#.#####.#..# ##.## #####.#
#.# #.##.# #...## #.#
#.#####.##.# #....# #.#
#..#.......# #....# #.#
.....##.##.###....########.#


You could see Crazy Yiuf.

Vanquished Creatures
  Terence (D:3)
  3 adders
  An ooze (D:1)
  A dart slug (D:1)
  3 leopard geckos
  4 giant cockroaches
  A hobgoblin (D:3)
  4 jackals (D:2)
  2 bats
  5 frilled lizards
  9 goblins
  6 kobolds
  6 rats
46 creatures vanquished.

Vanquished Creatures (others)
  A human (D:2)
1 creature vanquished.

Grand Total: 47 creatures vanquished

Notes
Turn   | Place    | Note
-------+----------+-------------------------------------------
     0 | D:1      | Kemay the Octopode Transmuter began the quest for the Orb.
     0 | D:1      | Reached XP level 1. HP: 13/13 MP: 3/3
   630 | D:1      | Reached XP level 2. HP: 14/18 MP: 5/5
   719 | D:1      | Reached skill level 3 in Transmutations
  1130 | D:1      | Reached XP level 3. HP: 14/23 MP: 4/6
  2251 | D:2      | Learned a level 3 spell: Spider Form
  2293 | D:2      | Reached skill level 4 in Transmutations
  2293 | D:2      | Reached XP level 4. HP: 22/28 MP: 5/7
  2490 | D:2      | Reached skill level 1 in Poison Magic
  2509 | D:2      | Found an ancient bone altar of Kikubaaqudgha.
  2509 | D:2      | Noticed a human
  2512 | D:2      | Killed a human
  2859 | D:3      | Found a faded altar of an unknown god.
  3214 | D:3      | Found a runed door.
  3378 | D:3      | Found a glowing golden altar of the Shining One.
  3620 | D:3      | Noticed Crazy Yiuf
  3620 | D:3      | Noticed Terence
  3625 | D:3      | Killed Terence
  3630 | D:3      | Mangled by Crazy Yiuf

Skill      XL: |  1  2  3  4 |
---------------+-------------+-----
Transmutations | 3 4 |  4.4
Poison Magic   | 1 |  1.6
Fighting       | |  1.0
Dodging        | |  2.0
Unarmed Combat | |  3.0
Spellcasting   | |  2.0

Action                   |  1- 3 |  4- 6 || total
-------------------------+-------+-------++-------
Melee: Unarmed           |    82 |    34 ||   116
       Constrict         |    17 |     8 ||    25
       Tentacles         |     9 |     2 ||    11
       Kick              |     5 |     1 ||     6
       Punch             |     1 |       ||     1
 Cast: Beastly Appendage |    14 |     3 ||    17
       Spider Form       |       |     1 ||     1
  Use: Scroll            |     3 |     6 ||     9
 Stab: Distracted        |     1 |       ||     1
       Sleeping          |     3 |     3 ||     6
  Eat: Chunk             |    14 |     5 ||    19
       Meat ration       |     1 |       ||     1
Armor: Skin              |     3 |     3 ||     6
Dodge: Dodged            |    34 |    13 ||    47
